 Dungeon Crawl Stone Soup version 0.22-a0-126-g307c7c3 (webtiles) character file.

2 mhoghedin the Ruffian (level 1, 0/19 HPs)
             Began as a Ghoul Monk on Jan 30, 2018.
             Slain by a jackal (3 damage)
             ... on level 1 of the Dungeon.
             The game lasted 00:00:38 (28 turns).

mhoghedin the Ruffian (Ghoul Monk)                    Turns: 28, Time: 00:00:39

Health: 0/19       AC:  2    Str: 14    XL:     1   Next: 40%
Magic:  0/0        EV: 12    Int:  5    God:
Gold:   0          SH:  0    Dex: 11    Spells: 0/0 levels left

rFire    . . .     SeeInvis .     - Unarmed
rCold    + . .     Gourm    .   (no shield)
rNeg     + + +     Faith    .   a - +0 robe
rPois    ∞         Spirit   .   (no helmet)
rElec    .         Reflect  .   (no cloak)
rCorr    .         Harm     .   (no gloves)
MR       .....                  (no boots)
Stlth    ++........             (no amulet)
HPRegen  0.00/turn              (no ring)
MPRegen  0.07/turn              (no ring)

@: rotting
A: rotting body, claws 1, carnivore, cold resistance 1, negative energy
resistance 3, inhibited regeneration, torment resistance, unbreathing
a: no special abilities


You were on level 1 of the Dungeon.
You were not hungry.

You visited 1 branch of the dungeon, and saw 1 of its levels.

Inventory:

Armour
 a - a +0 robe (worn)
Comestibles
 b - a ration


   Skills:
 + Level 3.3 Fighting
 + Level 2.7 Dodging
 - Level 2.1 Stealth
 + Level 3.3 Unarmed Combat


You couldn't memorise any spells.
You didn't know any spells.

Dungeon Overview and Level Annotations

Branches:
Dungeon (1/15)

Altars:


Innate Abilities, Weirdness & Mutations

Your body is rotting away.
You thrive on raw meat.
You are immune to poison.
You have sharp fingernails.
You are carnivorous and can eat meat at any time.
Your flesh is cold resistant. (rC+)
You are immune to negative energy. (rN+++)
You do not regenerate when monsters are visible.
You are immune to unholy pain and torment.
You can survive without breathing.


Message History

Welcome, mhoghedin the Ghoul Monk.
Will you prevail where others failed? Will you find the Orb of Zot?
Found a thick ruby amulet.
Found a staircase leading out of the dungeon.
You open the door.
A jackal and a hobgoblin come into view. 2 jackals and a kobold come into view.
The jackal barks! x2; The hobgoblin shouts!
The hobgoblin moves out of view.
The kobold shouts!
Found a stone staircase leading down.
There is an open door here.
A jackal comes into view.
The jackal barks!
You hear a shout!
The jackal bites you.
A jackal comes into view.
You take 2 damage, and have 17/19 hp.
You closely miss the jackal.
The jackal barks! x2
Your claw misses the jackal.
The jackal bites you but does no damage.
The jackal barely misses you. x2
You barely miss the jackal.
The jackal bites you but does no damage.
The jackal misses you.
You scratch the jackal. The jackal bites you.
The jackal bites you but does no damage.
You take 2 damage, and have 15/19 hp.
You scratch the jackal. The jackal closely misses you.
The jackal barely misses you. The jackal bites you.
You take 1 damage, and have 14/19 hp.
You scratch the jackal.
You kill the jackal!
The jackal bites you.
The jackal bites you but does no damage.
You are too injured to fight recklessly!
You are too injured to fight recklessly!
You take 3 damage, and have 11/19 hp.
You are too injured to fight recklessly!
You are too injured to fight recklessly!
You are too injured to fight recklessly!
You are too injured to fight recklessly!
You are too injured to fight recklessly!
You are too injured to fight recklessly!
You are too injured to fight recklessly!
You are too injured to fight recklessly!
You are too injured to fight recklessly!
You are too injured to fight recklessly!
You are too injured to fight recklessly!
You are too injured to fight recklessly!
You aren't carrying any potions.
You scratch the jackal. The hobgoblin barely misses you. The jackal bites you.
You take 2 damage, and have 9/19 hp.
You scratch the jackal.
You kill the jackal!
The hobgoblin hits you but does no damage.
A hobgoblin comes into view.
You closely miss the jackal. The jackal barely misses you.
The hobgoblin hits you with a club. The jackal closely misses you.
You take 2 damage, and have 7/19 hp.
You open the door. The jackal closely misses you.
The hobgoblin hits you with a club.
You take 1 damage, and have 6/19 hp.
The jackal bites you.
* * * LOW HITPOINT WARNING * * *
The jackal barely misses you.
There is an open door here.
You take 2 damage, and have 4/19 hp.
The hobgoblin hits you.
* * * LOW HITPOINT WARNING * * *
You take 1 damage, and have 3/19 hp.
You open the door. The jackal bites you.
You die...

#.#####.. .......
.... .#.......
####.####....h...
#≈≈≈.≈≈§#........
+.≈≈§≈≈.'.#......
#§.....≈#K# .....
######≈≈.<.§§#†#
...#
#....#§ghghK≈#.#
.## #.@h§≈§≈§§K†#
# #.#≈§§.≈§≈#.#
#.####.####.# #.
..... ..>
......."......
#############..
... .##.


You could see 3 jackals, 2 hobgoblins and a kobold.

Vanquished Creatures
  2 jackals (D:1)
2 creatures vanquished.

Notes
Turn   | Place    | Note
-------+----------+-------------------------------------------
     0 | D:1      | mhoghedin the Ghoul Monk began the quest for the Orb.
     0 | D:1      | Reached XP level 1. HP: 19/19 MP: 0/0
    19 | D:1      | HP: 4/19 [jackal (2)]
    28 | D:1      | Slain by a jackal

Vault maps used:
D:1:      ncdulo_lavacross, minmay_close_crescents

Action                   || total
-------------------------++-------
Melee: Unarmed           ||     8
Armor: Robe              ||     5
Dodge: Dodged            ||    10

Table legend:
 A = Spawn XP
 B = Non-spawn XP
 C = Spawn XP percentage of total XP
 D = Spawn monster count
 E = Non-spawn monster count
 F = Spawn count percentage of total count
 G = Total turns spent on level
                    A         B        C        D         E        F      G
               +---------+---------+-------+---------+---------+-------+---------
         Total |       0 |       4 |   0.0 |       0 |       2 |   0.0 |    28
               +---------+---------+-------+---------+---------+-------+---------
           D:1 |       0 |       4 |   0.0 |       0 |       2 |   0.0 |    28
               +---------+---------+-------+---------+---------+-------+---------

Vault maps used:
D:1:      ncdulo_lavacross, minmay_close_crescents

Table legend:
 A = Turns spent in this place as a percentage of turns spent in the entire game.
 B = Non-inter-level travel turns spent in this place as a percentage of non-inter-level travel turns spent in the entire game.
 C = Inter-level travel turns spent in this place as a percentage of turns spent in this place.
 D = Turns resting spent in this place as a percentage of non-inter-level travel turns spent in this place.
 E = Turns spent auto-exploring this place as a percentage of non-inter-level travel turns spent in this place.
 F = Non-inter-level travel turns spent in this place divided by the number of levels of this place that you've seen.
                   A       B       C       D       E      F
               +-------+-------+-------+-------+-------+----------------------
         Total | 100.0 | 100.0 |   0.0 |   0.0 |  10.7 |  28.0
       Dungeon | 100.0 | 100.0 |   0.0 |   0.0 |  10.7 |  28.0
               +-------+-------+-------+-------+-------+----------------------

Table legend:
 A = Kills in this place as a percentage of kills in entire the game.
 B = Kills by you in this place as a percentage of kills by you in the entire game.
 C = Kills by friends in this place as a percentage of kills by friends in the entire game.
 D = Other kills in this place as a percentage of other kills in the entire game.
 E = Experience gained in this place as a percentage of experience gained in the entire game.
 F = Experience gained in this place divided by the number of levels of this place that you have seen.
                   A       B       C       D       E      F
               +-------+-------+-------+-------+-------+----------------------
         Total | 100.0 | 100.0 |   N/A |   N/A | 100.0 |   4.0
       Dungeon | 100.0 | 100.0 |   N/A |   N/A | 100.0 |   4.0
               +-------+-------+-------+-------+-------+----------------------
